 Dungeon Crawl Stone Soup version 0.15.1-2-g8fbdab7 (webtiles) character file.

251 CrazyArbalest the Sneak (level 5, -3/25 HPs)
             Began as a Spriggan Enchanter on Sept 30, 2014.
             Killed from afar by CrazyArbalest's ghost (16 damage)
             ... with a spray of energy
             ... on Level 4 of the Dungeon.
             The game lasted 00:14:09 (2878 turns).

CrazyArbalest the Sneak (Spriggan Enchanter)        Turns: 2878, Time: 00:14:11

HP  -3/25        AC  4     Str  4      XL: 5   Next: 88%
MP  18/18        EV 20     Int 18      God:
Gold 83          SH  0     Dex 16      Spells:  3 memorised,  6 levels left

rFire  . . .     SeeInvis +     i - +1 dagger (venom)
rCold  . . .     Clarity  .     b - +1 robe
rNeg   . . .     rCorr    .     (shield restricted)
rPois  .         rRot     .     (helmet restricted)
rElec  .         Spirit   .     w - +0 cloak
SustAb .         Warding  .     (gloves unavailable)
rMut   .         Stasis   .     (boots unavailable)
Gourm  .                        (no amulet)
MR     .....                    (no ring)
                                (no ring)

@: confused, very quick, not resistant to hostile enchantments, unstealthy
A: unfitting armour, see invisible, herbivore 3, speed 3, slow metabolism 2
a: no special abilities


You were on level 4 of the Dungeon.
You were very hungry.

You visited 1 branch of the dungeon, and saw 4 of its levels.

You collected 83 gold pieces.

Inventory:

Hand weapons
 i - a +1 dagger of venom (weapon)
Missiles
 j - 35 bolts
Armour
 b - a +1 robe (worn)
 w - a +0 cloak (worn)
 y - a +0 cloak
Comestibles
 p - a bread ration
 z - 4 fruits
Scrolls
 e - 2 scrolls of recharging {unknown}
 g - 2 scrolls of remove curse {unknown}
 h - 2 scrolls of identify {unknown}
 l - a scroll of blinking {unknown}
 m - 2 scrolls of fog {unknown}
 n - a scroll of amnesia {unknown}
 r - a scroll of teleportation {unknown}
 v - a scroll of fear {unknown}
Jewellery
 x - a cursed -4 ring of protection {unknown}
Potions
 a - a potion of curing {unknown}
 d - a potion of porridge
 f - a potion of restore abilities {unknown}
 k - a potion of cancellation {unknown}
 o - a potion of brilliance {unknown}
 q - 4 potions of poison {unknown}
 s - a potion of lignification {unknown}
 t - 2 potions of might {unknown}
 u - 2 potions of degeneration {unknown}
Books
 c - a book of Maledictions

   Spells                             Type                      Level
   *Corona                            Hexes                        1
   *Sure Blade                        Hexes/Charms                 2
   Ensorcelled Hibernation            Hexes/Ice                    2
   *Confuse                           Hexes                        3
   Dazzling Spray                     Conjuration/Hexes            3
   Enslavement                        Hexes                        4


   Skills:
 + Level 0.7 Fighting
 + Level 1.9 Short Blades
 + Level 4.7 Dodging
 + Level 6.0 Stealth
 + Level 4.0 Spellcasting
 + Level 4.8 Hexes
 + Level 2.4 Charms


You had 6 spell levels left.
You knew the following spells:

 Your Spells              Type           Power        Failure   Level  Hunger
a - Corona                Hex            ###....      1%          1    None
b - Sure Blade            Hex/Chrm       ###.......   6%          2    ##.....
c - Confuse               Hex            ###.....     10%         3    ###....


Dungeon Overview and Level Annotations

Branches:
Dungeon (4/15)
 Temple: D:4-7

Altars:
Fedhas
Kikubaaqudgha
Sif Muna
Trog
Zin

Annotations:
D:4 CrazyArbalest's ghost, average SpEn


Innate Abilities, Weirdness & Mutations

You are tiny and cannot use many weapons and most armour.
You have supernaturally acute eyesight.
You are a herbivore.
You cover ground extremely quickly.
You need consume almost no food.


Message History

You start resting.
You start resting.
You are feeling very hungry.
Found an ancient bone altar of Kikubaaqudgha.
A kobold comes into view. It is wielding a dagger.
The kobold moves out of view.
A slave comes into view.
CrazyArbalest's ghost (average Spriggan Enchanter) comes into view.
CrazyArbalest's ghost points at you and mumbles some strange words.
You easily resist.
CrazyArbalest's ghost casts a spell at you.
The spray of energy hits you!
You are confused.
Ouch! Ouch!
CrazyArbalest's ghost whispers, "Death is liberation."
CrazyArbalest's ghost gestures at you while chanting.
The spray of energy hits you!
Ouch! That really hurt!
You die...

##..≈≈≈≈...######....
##..≈≈≈≈...#
#...≈≈≈≈..##
..⌠.≈.≈≈.##
#........# #######.##
#.# ##.############.#
#.......W...@...#
#.....############
#....# ...#.# ## ##


You could see CrazyArbalest's ghost.

Vanquished Creatures
  A scorpion (D:3)
  An orc wizard (D:3)
  2 worker ants (D:4)
  7 adders
  2 worms (D:2)
  3 giant geckos
  An ooze (D:1)
  4 orcs (D:3)
  2 ball pythons (D:2)
  2 giant cockroaches
  7 goblins
  3 hobgoblins
  2 jackals (D:3)
  5 bats
  5 giant newts
  A hobgoblin skeleton (D:3)
  8 kobolds
  7 rats
63 creatures vanquished.

Notes
Turn   | Place    | Note
--------------------------------------------------------------
     0 | D:1      | CrazyArbalest, the Spriggan Enchanter, began the quest for the Orb.
     0 | D:1      | Reached XP level 1. HP: 9/9 MP: 4/4
   421 | D:1      | Reached XP level 2. HP: 11/13 MP: 7/7
   850 | D:1      | Learned a level 2 spell: Sure Blade
   866 | D:1      | Reached skill level 5 in Stealth
  1097 | D:2      | Reached XP level 3. HP: 16/16 MP: 6/11
  1102 | D:2      | Learned a level 3 spell: Confuse
  1370 | D:2      | Reached XP level 4. HP: 17/21 MP: 13/13
  1459 | D:2      | Found a blossoming altar of Fedhas.
  1868 | D:2      | Reached skill level 1 in Charms
  2061 | D:3      | Found a bloodstained altar of Trog.
  2066 | D:3      | Found a glowing silver altar of Zin.
  2163 | D:3      | Reached XP level 5. HP: 23/25 MP: 10/17
  2413 | D:3      | Found a deep blue altar of Sif Muna.
  2485 | D:4      | Noticed a centaur
  2575 | D:4      | Reached skill level 6 in Stealth
  2841 | D:4      | Found an ancient bone altar of Kikubaaqudgha.
  2849 | D:4      | Noticed a slave
  2867 | D:4      | Noticed CrazyArbalest's ghost (average SpEn)
  2878 | D:4      | Killed from afar by CrazyArbalest's ghost

Action                   |  1- 3 |  4- 6 || total
-------------------------+-------+-------++-------
Melee: Dagger            |    97 |    77 ||   174
 Cast: Corona            |     8 |     3 ||    11
       Sure Blade        |     7 |    14 ||    21
       Confuse           |       |     4 ||     4
 Stab: Sleeping          |     6 |     6 ||    12
       Confused          |       |     1 ||     1
